 Dungeon Crawl Stone Soup version 0.21.1-1-g345015f (webtiles) character file.

2 theblackcape the Digger (level 1, 0/17 HPs)
             Began as a Gnoll Wanderer on July 5, 2018.
             Slain by a giant cockroach (1 damage)
             ... on level 1 of the Dungeon.
             The game lasted 00:01:00 (28 turns).

theblackcape the Digger (Gnoll Wanderer)              Turns: 28, Time: 00:01:01

Health: 0/17       AC:  2    Str: 14    XL:     1   Next: 40%
Magic:  4/4        EV: 11    Int: 13    God:
Gold:   0          SH:  0    Dex: 15    Spells: 5/5 levels left

rFire    . . .     SeeInvis .   c - +0 shortbow
rCold    . . .     Gourm    .   (shield currently unavailable)
rNeg     . . .     Faith    .   e - +0 robe
rPois    .         Spirit   .   (no helmet)
rElec    .         Reflect  .   (no cloak)
rCorr    .         Harm     .   (no gloves)
MR       .....                  (no boots)
Stlth    +.........             (no amulet)
HPRegen  0.05/turn              (no ring)
MPRegen  0.09/turn              (no ring)

@: no status effects
A: distributed training, fangs 1, strong nose
a: no special abilities


You were on level 1 of the Dungeon.
You were not hungry.

You visited 1 branch of the dungeon, and saw 1 of its levels.

Inventory:

Hand Weapons
 c - a +0 shortbow (weapon)
Missiles
 d - 18 arrows (quivered)
Armour
 e - a +0 robe (worn)
Books
 a - a book of Geomancy

   Spells                             Type                      Level
   a - Sandblast                      Earth                        1
   b - Passwall                       Transmutation/Earth          2
   c - Stone Arrow                    Conjuration/Earth            3
   d - Petrify                        Transmutation/Earth          4
   e - Lee's Rapid Deconstruction     Earth                        5
 b - the Handbook of Changing

   Spells                             Type                      Level
   a - Sticks to Snakes               Transmutation                2
   b - Passwall                       Transmutation/Earth          2
Comestibles
 f - a ration


   Skills:
 + Level 2.3 Fighting
 + Level 0.0 Short Blades
 + Level 0.0 Long Blades
 + Level 0.0 Axes
 + Level 0.0 Maces & Flails
 + Level 0.0 Polearms
 + Level 0.0 Staves
 + Level 0.0 Slings
 + Level 4.4 Bows
 + Level 0.0 Crossbows
 + Level 2.3 Throwing
 + Level 0.0 Armour
 + Level 0.0 Dodging
 + Level 0.0 Stealth
 + Level 0.0 Shields
 + Level 0.0 Unarmed Combat
 + Level 2.6 Spellcasting
 + Level 0.0 Conjurations
 + Level 0.0 Hexes
 + Level 0.0 Charms
 + Level 1.9 Summonings
 + Level 0.0 Necromancy
 + Level 0.0 Translocations
 + Level 0.0 Transmutations
 + Level 0.0 Fire Magic
 + Level 0.0 Ice Magic
 + Level 0.0 Air Magic
 + Level 5.3 Earth Magic
 + Level 0.0 Poison Magic
 + Level 0.1 Invocations
 + Level 2.3 Evocations


You had 5 spell levels left.
You didn't know any spells.

Dungeon Overview and Level Annotations

Branches:
Dungeon (1/15)

Altars:


Innate Abilities, Weirdness & Mutations

Your experience applies equally to all skills.
You have very sharp teeth.
Your uncanny sense of smell can sniff out nearby items.


Message History

You shoot an arrow. The arrow hits the jackal!
You kill the jackal!
Firing (i - inventory):
d - 20 arrows (quivered)
Press: ? - help, Shift-Dir - straight line, f - giant cockroach
Aim: a giant cockroach You shoot an arrow.
The arrow closely misses the giant cockroach.
The arrow closely misses the jackal.
The arrow hits the plant but does no damage.
The giant cockroach closely misses you.
Unknown command.
Firing (i - inventory):
d - 19 arrows (quivered)
Press: ? - help, Shift-Dir - straight line, f/p - giant cockroach
Aim: a giant cockroach You shoot an arrow.
The arrow barely misses the giant cockroach.
The arrow hits the jackal!
You kill the jackal!
The giant cockroach closely misses you. The giant cockroach bites you.
You die...
P.P.PPPPPPP.PP. .PPPPPPPPP.PPPPPPPPP.P. .PPPPPPPPP.PPPPPPPPP.P. .PPPPPPP.....PPPPPPP.P. .PPPPPP.PP.PP.PPPPPP.P. .PPPPP.PPP.PPP.PPPPP.P.
P.PPP.PPP.P.PPP.PPP.PP.
PP.PP.PP.PPP.PP.PP.PPP.
PPP..(s@PPPPP..<..PPPP.
PP.PP.PP.PPP.PP.PP.PPP.
P.PPP.PPP.P.PPP.PPP.PP. .PPPPP.PPP.PPP.PPPPP.P. .PPPPPP.PP.PP.PPPPPP.P. .PPPPPPP.....PPPPPPP... .PPPPPPPPP.PPPPPPPPP.P. .PPPPPPPPP.PPPPPPPPP.P. .PPPPPPP.P.PPPPPPP.

You could see a giant cockroach.

Vanquished Creatures
  2 jackals (D:1)
2 creatures vanquished.

Notes
Turn   | Place    | Note
-------+----------+-------------------------------------------
     0 | D:1      | theblackcape the Gnoll Wanderer began the quest for the Orb.
     0 | D:1      | theblackcape set off with: a book of Geomancy, the Handbook of Changing, a +0 shortbow, 23 arrows, a +0 robe, a ration
     0 | D:1      | Reached XP level 1. HP: 17/17 MP: 4/4
     0 | D:1      | Identified the Handbook of Changing
    28 | D:1      | Slain by a giant cockroach

Action                   || total
-------------------------++-------
Melee: Shortbow          ||    15
 Fire: Shortbow          ||     5
Armor: Robe              ||     8
Dodge: Dodged            ||    16
